 Dungeon Crawl Stone Soup version 0.27-a0-1359-ga2a4dfd6fd (webtiles) character file.

Game seed: 15686892856521780382

954 ipx the Conjurer (level 7, -10/36 HPs)
             Began as a Deep Elf Fire Elementalist on June 28, 2021.
             Killed from afar by a steam dragon (12 damage)
             ... with a ball of steam
             ... on level 6 of the Dungeon.
             The game lasted 00:23:33 (1635 turns).

ipx the Conjurer (Deep Elf Fire Elementalist)       Turns: 1635, Time: 00:23:34

Health: -10/36     AC:  7    Str:  5    XL:     7   Next: 90%
Magic:  7/13       EV: 14    Int: 22    God:
Gold:   256        SH:  0    Dex: 15    Spells: 4/12 levels left

rFire    . . .     SeeInvis .   a - +2 mace (protect)
rCold    + . .     Faith    .   (no shield)
rNeg     . . .     Spirit   .   o - +2 robe {Will+}
rPois    .         Reflect  .   i - +0 helmet
rElec    .         Harm     .   b - +0 cloak
rCorr    .         Rampage  .   q - +0 pair of gloves
Will     +....                  (no boots)
Stlth    +++.......             (no amulet)
HPRegen  0.12/turn              c - ring of protection from cold
MPRegen  0.13/turn              (no ring)

@: very slightly contaminated
A: no striking features
a: no special abilities


You were on level 6 of the Dungeon.
You visited 1 branch of the dungeon, and saw 6 of its levels.
You also visited: Sewer.

You collected 256 gold pieces.

Inventory:

Hand Weapons
 a - a +2 mace of protection (weapon)
 t - a +4 dagger of protection
Armour
 b - a +0 cloak (worn)
 i - a +0 helmet (worn)
 o - a +2 robe of willpower (worn)
 q - a +0 pair of gloves (worn)
Magical Staves
 j - a staff of cold
Jewellery
 c - a ring of protection from cold (left hand)
 r - a ring of resist corrosion
Wands
 h - a wand of acid (6)
Scrolls
 e - 2 scrolls of enchant weapon
 m - 2 scrolls of fear
 n - a scroll of fog {unknown}
 p - a scroll of amnesia {unknown}
 v - a scroll of blinking {unknown}
Potions
 f - a potion of mutation {unknown}
 g - 3 potions of degeneration {unknown}
 k - 2 potions of lignification {unknown}
 l - a potion of cancellation {unknown}
 s - a potion of might {unknown}
 u - a potion of brilliance {unknown}
 w - a potion of haste


   Skills:
 + Level 4.4 Dodging
 - Level 4.0 Stealth
 - Level 3.0 Spellcasting
 + Level 6.4 Conjurations
 + Level 5.7 Fire Magic
 + Level 3.7 Evocations


You had 4 spell levels left.
You knew the following spells:

 Your Spells              Type           Power      Damage    Failure   Level
c - Conjure Flame         Conj/Fire      30%        6-21      3%          3
t - Sticky Flame          Conj/Fire      30%        2d5       10%         4
x - Foxfire               Conj/Fire      100%       2x1d9     1%          1

Your spell library contained the following spells:

 Spells                   Type           Power      Damage    Failure   Level
 Inner Flame              Hex/Fire       15%        N/A       12%         3
 Fireball                 Conj/Fire      15%        3d8       28%         5


Dungeon Overview and Level Annotations

Branches:
Dungeon (6/15)              Sewer (visited)
 Temple: D:4-7

Altars:
Okawaru

Shops:
D:5 :

Annotations:
D:5 1 runed translucent door, Crazy Yiuf


Message History

The orc is heavily wounded.
The foxfire hits the orc!
You kill the orc!
The orc hits you but does no damage.
Casting: Foxfire (safe; 1% risk of failure)
Confirm with . or Enter, or press ? or * to list all spells.
Okay, then.
The steam dragon breathes steam at you.
The ball of steam misses the orc.
The ball of steam hits you!!
Ouch! That really hurt!
Found a coppery potion.
The orc hits you with a +0 hand axe.
You feel better.
The orc is engulfed in a cloud of scalding steam.
The orc dies!
Aiming: Corrosive Bolt
Press: ? - help, Shift-Dir - straight line, f - steam dragon
Aim: a steam dragon (steam, 74% to hit)
The bolt of acid misses the steam dragon.
The steam dragon breathes steam at you. The ball of steam hits you!
* * * LOW HITPOINT WARNING * * *
Aiming: Corrosive Bolt
Press: ? - help, Shift-Dir - straight line, f/p - steam dragon
Aim: a steam dragon (catching its breath, 74% to hit)
The bolt of acid hits the steam dragon!
The steam dragon is splashed with acid.
The steam dragon is heavily wounded.
Casting: Foxfire (safe; 1% risk of failure)
Confirm with . or Enter, or press ? or * to list all spells.
The spell is quite dangerous to cast (10% risk of failure)!
Continue anyway?
Aiming: Sticky Flame (quite dangerous; 10% risk of failure)
Press: ? - help, Shift-Dir - straight line, f/p - steam dragon
Aim: a steam dragon (heavily wounded, catching its breath, 100% to hit)
You miscast Sticky Flame.
You are very lightly contaminated with residual magic.
Energy rips through your body!
* * * LOW HITPOINT WARNING * * *
The steam dragon breathes steam at you. The ball of steam hits you!
You die...

.........'.†..'.>....
#.#
###.#.##.#....###.###
#.# #.#.##.#........ ..
#.# #.#.##.#.....#).#.##
#.# #.#.##.#.###.......#
#.# #.#.##.#........#.!#
#.# #.#................
#.#
#<#...........##.#####.#
#.##.#.#......@D.......#
#.##.#.#.####.##)#######
####.#.#+# #.##§# #.#.(
..#.§# #++.. ...#D##
.... ....†).
............ ######.....
.....[.


You could see a steam dragon (catching breath).

Vanquished Creatures
  Menkaure (D:5)
  Duvessa (D:5)
  A black bear (D:5)
  A centaur (D:5)
  3 bullfrogs
  Dowan (D:5)
  A bullfrog skeleton (D:5)
  2 iguanas (D:4)
  An orc wizard (D:6)
  A hound zombie (D:5)
  A howler monkey zombie (D:6)
  8 adders
  A shadow imp (D:5)
  A worm (D:4)
  A dart slug (D:4)
  4 orcs
  14 ball pythons
  3 bats
  11 endoplasms
  11 giant cockroaches
  4 goblins
  4 hobgoblins
  7 jackals
  9 quokkas
  14 frilled lizards
  5 kobolds
  5 rats
116 creatures vanquished.

Vanquished Creatures (others)
  An orc (D:6)
  292 foxfires
  10 fungi (D:4)
  A plant (D:4)
304 creatures vanquished.

Grand Total: 420 creatures vanquished

Notes
Turn   | Place    | Note
-------+----------+-------------------------------------------
     0 | D:1      | ipx the Deep Elf Fire Elementalist began the quest for the
                  | Orb.
     0 | D:1      | Reached XP level 1. HP: 10/10 MP: 6/6
    82 | D:1      | Found a faded altar of an unknown god.
   168 | D:1      | Reached skill level 2 in Conjurations
   168 | D:1      | Reached XP level 2. HP: 10/15 MP: 5/8
   231 | D:2      | You fall into a shaft and drop 1 floor!
   284 | D:3      | Reached XP level 3. HP: 19/19 MP: 3/9
   290 | D:3      | Learned a level 3 spell: Conjure Flame
   399 | D:2      | Found an iron altar of Okawaru.
   502 | D:3      | Reached skill level 3 in Conjurations
   719 | D:4      | Reached XP level 4. HP: 24/24 MP: 3/10
   724 | D:4      | Learned a level 4 spell: Sticky Flame
   876 | D:5      | Entered Level 5 of the Dungeon
   893 | D:5      | Found Moheitoad's Book Emporium.
   913 | D:5      | Reached skill level 4 in Conjurations
   913 | D:5      | Reached skill level 1 in Evocations
   913 | D:5      | Reached XP level 5. HP: 28/28 MP: 0/11
   992 | D:5      | Found a runed translucent door.
   993 | D:5      | Noticed Crazy Yiuf
  1024 | D:5      | Noticed Dowan
  1025 | D:5      | Noticed a centaur
  1044 | D:5      | Killed a centaur
  1060 | D:5      | Noticed Menkaure
  1066 | D:5      | Killed Menkaure
  1067 | D:5      | Reached skill level 5 in Conjurations
  1067 | D:5      | Reached XP level 6. HP: 14/32 MP: 3/12
  1150 | D:5      | Noticed Duvessa
  1162 | D:5      | Killed Duvessa
  1163 | D:5      | Reached skill level 5 in Fire Magic
  1163 | D:5      | Reached XP level 7. HP: 27/36 MP: 3/13
  1168 | D:5      | Killed Dowan
  1248 | D:5      | Found a glowing drain.
  1252 | Sewer    | Entered a sewer
  1393 | Sewer    | Reached skill level 6 in Conjurations
  1625 | D:6      | Noticed a steam dragon
  1635 | D:6      | Killed from afar by a steam dragon

Illustrated notes

Levels and vault maps discovered:
D:1:      minmay_arrival_nine_rooms, layout_loops_ring,
          ebering_ecumenical_altar_mist, minmay_misc_feat_tiny
D:2:      layout_basic, basic_altar
D:3:      layout_rooms
D:4:      layout_basic, minmay_temple_entry_gardened_gates, serial_aquarium,
          aquarium_bridge_straight [aquarium_subvault_bridge,
          aquarium_subvault_window, aquarium_subvault_bridge,
          aquarium_subvault_window], aquarium_window_1, aquarium_window_2,
          aquarium_window_2, aquarium_window_fake, aquarium_view_2c,
          aquarium_pool_four
D:5:      layout_cave_pools, portal_sewer_entry_e, serial_shops,
          nicolae_stop_n_shop_1, uniq_crazy_yiuf_cottage, uniq_duvessa,
          uniq_menkaure
D:6:      layout_basic, old_standard_altar

Skill      XL: |  1  2  3  4  5  6  7 |
---------------+----------------------+-----
Conjurations   | 2 3 4 5 6 |  6.4
Stealth        | 3 4 |  4.0
Fire Magic     | 4 5 |  5.7
Evocations     | 1 2 3 |  3.7
Dodging        | 3 4 |  4.4
Spellcasting   | |  3.0

Action                   |  1- 3 |  4- 6 |  7- 9 || total
-------------------------+-------+-------+-------++-------
Melee: Unarmed           |     1 |       |       ||     1
       Mace              |       |     2 |     4 ||     6
 Cast: Foxfire           |    68 |    45 |    54 ||   167
       Sticky Flame      |       |     1 |       ||     1
Evoke: Wand              |       |     1 |     3 ||     4
  Use: Scroll            |     3 |       |       ||     3
       Potion            |       |     1 |     1 ||     2
Armor: Robe              |     3 |     1 |     1 ||     5
Dodge: Dodged            |     4 |    10 |     5 ||    19

Table legend: (Time is in decaauts)
 A = Elapsed time spent in this place.
 B = Non-inter-level travel time spent in this place.
 C = Inter-level travel time spent in this place.
 D = Time resting spent in this place.
 E = Time spent auto-exploring this place.
 F = Levels seen in this place.
 G = Mean time per level.
                   A        B        C        D        E       F      G
               +--------+--------+--------+--------+--------+-----+--------+
         Total |   1738 |   1707 |     31 |      0 |      0 |   7 |  248.3 |
       Dungeon |   1403 |   1372 |     31 |      0 |      0 |   6 |  233.8 |
         Sewer |    335 |    335 |      0 |      0 |      0 |   1 |  335.0 |
               +--------+--------+--------+--------+--------+-----+--------+

Top non-repeatable levels by time:
     D:5: 425 daAuts
   Sewer: 335 daAuts
     D:4: 284 daAuts
     D:3: 276 daAuts
     D:1: 181 daAuts
     D:2: 150 daAuts
     D:6: 84 daAuts
